 Dungeon Crawl Stone Soup version 0.31-a0-1072-g202bf7ea07 (webtiles) character file.

Game seed: 17798904835353885337

6 Azuregosa the Sneak (level 1, -4/16 HPs)
             Began as an Octopode Delver on Nov 26, 2023.
             Slain by a scorpion (5 damage)
             ... on level 4 of the Dungeon.
             The game lasted 00:02:38 (252 turns).

Azuregosa the Sneak (Octopode Delver)                Turns: 252, Time: 00:02:38

Health: -4/16      AC:  1    Str: 11    XL:     1   Next: 90%
Magic:  1/1        EV: 13    Int: 12    God:
Gold:   0          SH:  0    Dex: 13    Spells: 0/0 levels left

rFire   . .          .
                       - Unarmed
rCold   . . .        (no shield)
rNeg    . . .        (helmet restricted)
rPois   .            (no amulet)
rElec   .            (no ring)
rCorr   .            (no ring)
SInv    .            (no ring)
Will    .....        (no ring)
Stlth   ++++         (no ring)
HPRegen 0.22/turn    (no ring)
MPRegen 0.07/turn    (no ring)
                     (no ring)

%: no passive effects
@: lethally poisoned (-4 -> -6)
A: almost no armour, amphibious, 8 rings, camouflage 1, gelatinous body 1,
(nimble swimmer 1), tentacles
a: no special abilities


You were on level 4 of the Dungeon.
You visited 1 branch of the dungeon, and saw 3 of its levels.

Inventory:

Missiles
 f - 6 javelins
 g - 6 stones
Wands
 e - a wand of digging (2)
Scrolls
 a - a scroll of fog
 b - a scroll of identify {unknown}
 c - 3 scrolls of fear
Potions
 d - a potion of haste


   Skills:
 - Level 3.0 Fighting
 - Level 2.0 Dodging
 + Level 7.1 Stealth
 - Level 2.0 Unarmed Combat


You couldn't memorise any spells.
You didn't know any spells.
Your spell library was empty.

Dungeon Overview and Level Annotations

Branches:
Dungeon (5/15)
 Temple: D:4-7

Altars:
Hepliaklqana
Wu Jian

Shops:
D:5 :

Annotations:
D:5 Ijyb


Innate Abilities, Weirdness & Mutations

You cannot wear most types of armour.
You are amphibious.
You can wear up to eight rings at the same time.
Your skin changes colour to match your surroundings (Stealth+).
Your rubbery body absorbs attacks. (AC +1, EV +1)
((You are camouflaged when in or above water. (Stealth+)))
You have tentacles for arms and can constrict up to eight enemies at once.


Message History

A scorpion comes into view.
The helpless scorpion fails to defend itself.
You tentacle-slap the scorpion but do no damage.
Your grab misses the scorpion. The scorpion misses you.
You closely miss the scorpion. You grab the scorpion.
You squeeze the scorpion, but do no damage.
You constrict the scorpion, but do no damage.
The scorpion closely misses you.
You tentacle-slap the scorpion but do no damage.
You constrict the scorpion. The scorpion stings you.
You tentacle-slap the scorpion but do no damage.
The scorpion is lightly wounded.
You constrict the scorpion. The scorpion stings you.
You are poisoned.
The scorpion poisons you!
You tentacle-slap the scorpion but do no damage.
The scorpion is lightly wounded.
You constrict the scorpion.
You feel sick. The scorpion stings you.
You tentacle-slap the scorpion.
The scorpion is moderately wounded.
You constrict the scorpion.
* * * LOW HITPOINT WARNING * * *
You feel sick. The scorpion closely misses you.
You tentacle-slap the scorpion.
The scorpion is severely wounded.
You constrict the scorpion.
* * * LOW HITPOINT WARNING * * *
You feel sick. The scorpion barely misses you.
You tentacle-slap the scorpion.
The scorpion is almost dead.
You constrict the scorpion, but do no damage.
* * * LOW HITPOINT WARNING * * *
You feel sick.
The scorpion stings you but does no damage.
You tentacle-slap the scorpion but do no damage.
The scorpion is almost dead.
You constrict the scorpion.
* * * LOW HITPOINT WARNING * * *
You feel sick. The scorpion stings you.
You die...

.# .# ..... .....
#.#.# #.#.# #.#.#
# #s#.##.#
#.@....#
###.#.####
#...#.##
#.###..#####
#[.........#
#.P._.P.##.#
#............
#########
#.##.##.##...
#.......####.##.#
.# ..


You could see a scorpion.

Vanquished Creatures
  An orc (D:4)
  An endoplasm (D:3)
  2 ball pythons (D:4)
  A rat (D:3)
5 creatures vanquished.

Notes
Turn   | Place    | Note
-------+----------+-------------------------------------------
     0 | D:5      | Azuregosa the Octopode Delver began the quest for the Orb.
     0 | D:5      | Reached XP level 1. HP: 16/16 MP: 1/1
     0 | D:5      | Noticed Ijyb
    26 | D:5      | Found Caotoux's Book Boutique.
   165 | D:4      | Found an ornate altar of the Wu Jian Council.
   184 | D:4      | Reached skill level 7 in Stealth
   233 | D:4      | Found a hazy altar of Hepliaklqana.
   241 | D:4      | Noticed a scorpion
   252 | D:4      | Slain by a scorpion

Illustrated notes

Levels and vault maps discovered:
D:3:      layout_rooms, nicolae_vehumet_altar_sigil, gammafunk_ghost_split,
          uniq_sigmund
D:4:      layout_loops_cross, mainiacjoe_overflow_alcove_1,
          mainiacjoe_overflow_brackets, mainiacjoe_overflow_tiny_flanked,
          uniq_menkaure
D:5:      cheibrodos_iron_armory, layout_basic, kiku_gazebo_pond_becter,
          zin_statuary, serial_shops, nicolae_shop_behind_doors,
          serial_bayou_crossing, uniq_edmund, uniq_ijyb

Skill      XL: |  1 |
---------------+----+-----
Stealth        | 7 |  7.1
Fighting       | |  3.0
Dodging        | |  2.0
Unarmed Combat | |  2.0

Action                     || total
---------------------------++-------
  Melee: Unarmed           ||    18
         Constrict         ||     2
         Tentacles         ||     2
  Evoke: Wand              ||     1
    Use: Scroll            ||     1
   Stab: Sleeping          ||     5
 Armour: Skin              ||     6
  Dodge: Dodged            ||     6

Table legend: (Time is in decaauts)
 A = Elapsed time spent in this place.
 B = Non-inter-level travel time spent in this place.
 C = Inter-level travel time spent in this place.
 D = Time resting spent in this place.
 E = Time spent auto-exploring this place.
 F = Levels seen in this place.
 G = Mean time per level.
                   A        B        C        D        E       F      G
               +--------+--------+--------+--------+--------+-----+--------+
         Total |    251 |    251 |      0 |     50 |     59 |   3 |   83.7 |
       Dungeon |    251 |    251 |      0 |     50 |     59 |   3 |   83.7 |
               +--------+--------+--------+--------+--------+-----+--------+

Top non-repeatable levels by time:
     D:4: 122 daAuts
     D:3: 89 daAuts
     D:5: 39 daAuts
